Map: Redshift LE

Players

AdAstra - Winner!

  • Race: Terran Terran
  • League: Diamond
  • Spawn Location: 11:00

배추레벨이

  • Race: Protoss Protoss
  • League: Gold
  • Spawn Location: 7:00

VOD

Have the link to the VOD?

Description

Time

  • Played on: May 28, 2018, 10:12 p.m.
  • Length: 7:23
Show
View Real Time Build Order
Export as new Build Order

AdAstra Terran - Winner!

Build Orders: Cyclone Opening 

Get SALT Encoding   

  12  0:00  SCV  
  13  0:13  SCV  
  14  0:18  Supply Depot  
  14  0:26  SCV  
  15  0:31  Refinery  
  15  0:39  SCV  
  16  0:44  Barracks  
  16  0:51  Refinery  
  16  0:53  SCV  
  17  1:05  SCV  
  18  1:17  SCV  
  19  1:35  Factory  
  19  1:38  Barracks Reactor  
  19  1:40  SCV  
  20  1:55  Factory  
  20  1:58  Orbital Command  
  20  2:11  Supply Depot  
  20  2:24  SCV  
  21  2:49  Cyclone x2  
  27  2:53  Supply Depot  
  27  2:54  Hellion  
  27  2:57  SCV  
  30  3:12  SCV  
  31  3:14  Supply Depot  
  31  3:21  Cyclone  
  31  3:25  SCV  
  35  3:40  Starport  
  35  3:43  Cyclone  
  38  3:50  Cyclone  
  38  3:51  SCV  
  38  3:55  Supply Depot  
  42  4:02  Hellion  
  44  4:03  SCV  
  45  4:17  Cyclone  
  45  4:20  SCV  
  49  4:31  Liberator  
  49  4:47  Hellion  
  49  4:51  SCV  
  55  5:11  Supply Depot  
  55  5:13  Supply Depot  
  55  5:20  Supply Depot  
  55  5:32  SCV  
  50  6:22  Liberator  
  50  6:37  Hellion x3  
  50  6:38  SCV  
  50  7:00  Supply Depot  
  50  7:03  Engineering Bay  
  50  7:04  Supply Depot  
Show
View Real Time Build Order
Export as new Build Order

배추레벨이 Protoss 

Build Orders:  

Get SALT Encoding   

  12  0:01  Probe  
  13  0:13  Probe  
  14  0:20  Pylon  
  14  0:25  Probe  
  15  0:38  Probe  
  15  0:42  Gateway  
  16  0:50  Probe  
  17  1:02  Probe  
  17  1:04  Pylon  
  18  1:10  Assimilator  
  18  1:14  Probe  
  18  1:16  Assimilator  
  19  1:26  Probe  
  20  1:43  Cybernetics Core  
  20  1:55  Probe  
  21  2:03  Nexus  
  21  2:19  Gateway  
  21  2:21  Robotics Facility  
  21  2:23  Warp Gate  
  21  2:41  Probe  
  22  2:53  Probe  
  23  3:07  Pylon  
  23  3:11  Immortal  
  23  3:14  Probe  
  28  3:20  Stalker  
  28  3:26  Probe  
  31  3:28  Probe  
  31  3:34  Stalker  
  31  3:38  Probe  
  34  3:47  Warp Prism  
  34  3:49  Probe  
  34  3:50  Stalker  
  39  4:05  Pylon  
  39  4:09  Probe  
  41  4:10  Probe  
  41  4:21  Probe  
  41  4:22  Probe  
  41  4:23  Observer  
  44  4:26  Pylon  
  44  4:33  Probe  
  44  4:34  Probe  
  42  4:48  Immortal  
  42  4:51  Pylon  
  42  4:56  Shield Battery  
  42  4:57  Shield Battery  
  46  5:06  Pylon  
  46  5:09  Pylon  
  46  5:15  Pylon  
  46  5:24  Pylon  
  46  5:51  Stalker  
  46  5:52  Stalker  
  41  6:18  Stalker x2  
Tags
 
Add a new tag
Caveats
  • Supply blocks, unpowered buildings, or Contaminate may cause inaccurate times.
  • Supply counts are checked every 10 seconds.